Map: Frozen Temple

Players

twosox

  • Race: Terran Terran
  • League: Gold

capac - Winner!

  • Race: Terran Terran
  • League: Gold

VOD

Have the link to the VOD?

Description

Time

  • Played on: April 18, 2016, 2:12 p.m.
  • Length: 15:18
Show
View Real Time Build Order
Export as new Build Order

twosox Terran 

Build Orders: Reaper Expand 

Get SALT Encoding   

  12  0:00  SCV  
  13  0:13  SCV  
  14  0:19  Supply Depot  
  14  0:25  SCV  
  15  0:41  SCV  
  16  0:43  Barracks  
  16  0:53  Refinery  
  16  0:54  SCV  
  17  1:06  SCV  
  18  1:30  Orbital Command  
  18  1:44  Reaper  
  18  1:50  Supply Depot  
  18  1:55  Command Center  
  18  1:59  SCV  
  19  2:12  SCV  
  20  2:21  Marine  
  21  2:26  SCV  
  21  2:27  Refinery, Factory  
  22  2:43  Marine  
  22  2:50  SCV  
  23  3:02  Marine, SCV  
  25  3:09  Orbital Command  
  25  3:12  Widow Mine  
  27  3:13  Starport  
  27  3:17  SCV  
  28  3:20  Marine  
  29  3:30  SCV  
  30  3:36  SCV  
  30  3:39  Marine  
  32  3:44  Factory Reactor  
  32  3:45  SCV  
  32  3:47  Engineering Bay  
  33  3:50  Supply Depot, Medivac  
  33  3:51  SCV  
  36  3:57  Marine  
  36  3:58  SCV  
  38  4:03  SCV  
  39  4:10  SCV  
  39  4:15  Marine, SCV  
  42  4:18  Missile Turret  
  42  4:20  Missile Turret  
  42  4:25  Liberator  
  42  4:30  Liberator, SCV  
  42  4:31  SCV  
  44  4:34  Barracks Reactor  
  44  4:35  Barracks  
  44  4:36  Factory Tech Lab  
  50  4:55  Barracks Reactor  
  50  4:56  SCV x2  
  50  4:59  Refinery  
  52  5:00  Refinery  
  52  5:02  Supply Depot  
  52  5:24  SCV x2  
  52  5:27  Barracks Reactor  
  54  5:31  Medivac  
  54  5:38  Marine  
  55  5:43  Siege Tank  
  55  5:44  Barracks Tech Lab  
  55  5:46  SCV x2  
  55  5:49  Barracks  
  60  5:50  Marine  
  60  5:54  Command Center  
  61  5:58  SCV  
  62  6:16  SCV  
  62  6:19  Marauder  
  62  6:20  Marine, SCV  
  62  6:21  Marine  
  60  6:28  SCV  
  60  6:32  SCV  
  62  6:39  Siege Tank  
  62  6:41  Marauder, SCV  
  62  7:05  Marine x2, SCV x2, Medivac x2  
  62  7:07  Marine  
  71  7:15  Combat Shields  
  71  7:18  Barracks Reactor, SCV x2, Sensor Tower  
  71  7:20  Bunker  
  73  7:22  Barracks  
  73  7:24  Barracks  
  73  7:27  Terran Infantry Weapons Level 1  
  73  7:28  Marine  
  73  7:29  Marine  
  75  7:33  Orbital Command  
  75  7:34  SCV x2  
  77  7:47  Refinery, Bunker  
  77  8:06  Command Center  
  77  8:13  Missile Turret  
  77  8:16  Missile Turret, Barracks Reactor  
  77  8:17  Missile Turret  
  77  8:18  Barracks Reactor  
  77  8:19  Missile Turret  
  77  8:22  Supply Depot  
  77  8:23  Supply Depot  
  77  8:24  Barracks  
  77  8:27  Supply Depot  
  77  8:31  Marine x4, SCV x2  
  77  8:32  Marauder, Siege Tank, SCV, Medivac x2  
  93  8:36  Supply Depot  
  93  8:41  Barracks  
  93  8:44  SCV x3  
  96  8:49  Refinery, Marine  
  96  8:50  Marine x3  
  96  8:53  Marauder, Marine x2  
  104  8:56  SCV x2  
  104  8:57  SCV  
  104  9:00  Supply Depot  
  104  9:01  Supply Depot  
  107  9:02  Supply Depot  
  107  9:07  Marine  
  107  9:08  SCV  
  107  9:09  Supply Depot  
  109  9:13  SCV x2  
  109  9:14  Barracks  
  111  9:18  Barracks Reactor  
  111  9:29  Marine  
  111  9:30  Marauder, Marine  
  111  9:31  Barracks Tech Lab  
  115  9:32  Orbital Command  
  115  9:36  Marine  
  115  9:37  Marine  
  115  9:38  Supply Depot x2  
  117  9:39  Terran Infantry Armor Level 1  
  117  9:43  Stimpack  
  117  9:49  Armory  
  117  9:52  Marauder  
  119  9:53  Engineering Bay  
  119  9:57  Marine x3  
  119  9:58  Marauder  
  124  10:08  Orbital Command  
  124  10:13  Marauder  
  126  10:18  Marine  
  126  10:20  Sensor Tower  
  126  10:21  Marauder, Marine x3  
  127  10:23  Missile Turret x2  
  127  10:24  Barracks Tech Lab, Missile Turret  
  127  10:25  Refinery  
  127  10:26  Refinery  
  132  10:40  SCV x4  
  132  10:42  Marauder, Marine x3  
  142  10:43  Marauder x2, Marine  
  142  10:47  Marine  
  142  10:48  Marine  
  148  11:04  Marauder x2  
  152  11:11  Supply Depot, Marauder, Marine x4  
  152  11:12  Marine x5  
  152  11:13  Marine  
  152  11:14  Medivac x2  
  152  11:15  Siege Tank  
  171  11:19  Terran Infantry Weapons Level 2  
  171  11:24  Terran Vehicle Weapons Level 1  
  171  11:25  Marauder  
  173  11:41  Concussive Shells, Marine x2  
  173  11:42  Marauder x2, Marine  
  173  11:44  Medivac  
  173  11:47  Marauder  
  184  12:03  Marauder x2  
  191  12:09  Marine x2  
  191  12:10  Marauder, Marine x4  
  191  12:13  Terran Infantry Armor Level 2  
  196  12:22  Factory  
  196  13:03  Marauder, Marine x3  
  196  13:05  Marauder, Marine, Siege Tank, Medivac  
  196  13:06  Marauder, Marine x2  
  196  13:07  Marine x2  
  196  13:08  Marine  
  196  13:11  Marine  
  196  13:12  Medivac  
  162  13:19  Factory Tech Lab  
  125  13:23  Supply Depot  
  125  13:24  Marauder  
  125  13:26  Marine x3  
  125  13:27  Marauder x2, Marine  
  101  13:28  Marine x5  
  109  13:41  Command Center  
  109  13:43  SCV  
  109  13:46  Marauder, Marine x2, Command Center  
  109  13:47  Marine x8  
  124  13:48  Marauder  
  124  13:50  Marauder  
  124  13:51  Siege Tank, Medivac x2  
  124  13:52  Siege Tank  
  136  14:04  Marine x2  
  119  14:28  SCV x2  
  119  14:29  Marine x4  
  76  14:56  Marauder x2, Marine x3  
  76  14:57  Marine x2  
  76  14:58  Marine x3  
  76  14:59  Marine x2  
Show
View Real Time Build Order
Export as new Build Order

capac Terran - Winner!

Build Orders: Reaper Expand, MMM Bio 

Get SALT Encoding   

  12  0:04  SCV  
  13  0:16  SCV  
  14  0:23  Supply Depot  
  14  0:28  SCV  
  15  0:44  SCV  
  15  0:46  Barracks  
  15  0:49  Refinery  
  16  0:56  SCV  
  17  1:08  SCV  
  18  1:21  SCV  
  19  1:34  Reaper  
  20  1:46  Command Center  
  20  1:49  Supply Depot  
  20  1:53  Orbital Command  
  20  2:15  Factory  
  20  2:19  Marine  
  20  2:21  SCV  
  22  2:42  Marine  
  22  2:46  SCV  
  22  2:47  Refinery  
  23  2:54  Barracks  
  23  3:01  Starport  
  23  3:08  Factory Reactor  
  23  3:09  Barracks  
  23  3:12  Marine  
  24  3:15  Orbital Command  
  24  3:19  SCV  
  25  3:31  SCV  
  26  3:34  Barracks Reactor  
  26  3:39  Starport Reactor  
  26  3:42  Barracks Tech Lab  
  26  3:49  SCV x2  
  28  4:00  Barracks Reactor  
  28  4:03  Widow Mine  
  28  4:07  Command Center  
  30  4:14  SCV  
  30  4:15  SCV  
  30  4:16  Refinery  
  32  4:25  Marine x3  
  35  4:38  Medivac  
  37  4:40  Marine x2  
  39  4:46  SCV x2  
  39  4:49  Factory Tech Lab  
  39  4:51  Medivac  
  43  4:53  Marine x3  
  45  5:27  Barracks Tech Lab  
  45  5:28  Barracks Reactor  
  45  5:35  Marine x2  
  47  5:48  Marine  
  48  5:50  Stimpack  
  48  5:51  Siege Tank  
  48  5:53  Marine x2  
  48  5:55  Medivac  
  56  5:57  SCV x2  
  57  6:06  Marine  
  29  6:26  Marine  
  29  6:28  Marine x3  
  29  6:29  Siege Tank  
  36  6:33  SCV x2  
  32  6:45  SCV x2  
  33  6:57  SCV  
  33  7:00  SCV x2  
  36  7:09  SCV  
  36  7:12  SCV x2  
  39  7:17  Marine x4  
  39  7:21  SCV  
  44  7:24  SCV  
  44  7:25  SCV  
  44  7:29  Viking x2  
  51  7:37  SCV x2  
  53  7:44  Orbital Command  
  53  7:48  Marine x2  
  53  7:49  Marine x3  
  57  7:56  SCV x2  
  59  7:59  Viking  
  61  8:15  Combat Shields  
  61  8:26  Marine x2  
  61  8:27  Viking, Marine x2, SCV x2  
  61  8:28  Supply Depot  
  69  8:49  Marine x5, SCV x3  
  69  8:52  Supply Depot  
  77  9:00  Supply Depot  
  77  9:01  SCV x2  
  79  9:07  Marine x2  
  81  9:14  Supply Depot  
  81  9:15  Marine x3  
  84  9:19  Medivac x2  
  88  9:27  SCV x2  
  88  9:28  SCV  
  91  9:33  Supply Depot  
  91  9:35  Marine  
  91  9:36  Marine  
  93  9:45  Siege Tank  
  93  9:49  SCV x2  
  93  9:51  SCV  
  99  10:01  SCV x2  
  99  10:03  Refinery  
  99  10:06  Marine  
  99  10:07  Marine x3  
  102  10:08  Marine  
  102  10:12  SCV  
  102  10:13  SCV x2  
  109  10:19  Siege Tank  
  112  10:24  SCV  
  112  10:25  SCV  
  112  10:27  Marine x3  
  117  10:35  Supply Depot, Marine  
  118  10:36  SCV  
  118  10:38  Supply Depot  
  119  10:43  SCV x2  
  119  10:47  Marine x2  
  119  10:48  Marine  
  119  10:49  Marine  
  125  10:53  Refinery  
  125  10:54  Refinery  
  125  10:57  Medivac x2  
  125  11:03  Siege Tank  
  132  11:04  Starport, Marine  
  132  11:05  Marine  
  132  11:07  SCV  
  135  11:24  Supply Depot  
  135  11:25  Supply Depot  
  135  11:43  Medivac x2  
  135  11:45  Starport Tech Lab  
  139  11:49  Armory  
  139  11:54  Supply Depot  
  139  12:11  Starport  
  139  12:14  Medivac x2  
  141  13:10  Marine x3  
  141  13:11  Marine x2  
  141  13:12  Starport Tech Lab  
  130  13:28  Marine  
  131  13:37  Liberator x4  
  131  13:51  Marine x2  
  131  13:52  Marine x3  
  148  14:09  Marine  
Tags
 
Add a new tag
Caveats
  • Supply blocks, unpowered buildings, or Contaminate may cause inaccurate times.
  • Supply counts are checked every 10 seconds.